 Dungeon Crawl Stone Soup version 0.31-a0-246-g8cbcc1cb85 (webtiles) character file.

Game seed: 17905798919481325051

55 qw the Shooter (level 3, 0/22 HPs)
             Began as a Gargoyle Hexslinger on July 12, 2023.
             Slain by Sigmund
             ... wielding a +0 scythe
              (7 damage)
             ... on level 2 of the Dungeon.
             The game lasted 00:00:30 (972 turns).

qw the Shooter (Gargoyle Hexslinger)                 Turns: 972, Time: 00:00:31

Health: 0/22       AC:  8    Str:  8 (11) XL:     3   Next: 93%
Magic:  4/4        EV: 12    Int: 10 (13) God:
Gold:   50         SH:  0    Dex: 13 (14) Spells: 3/4 levels left

rFire   . . .        Y - +1 sling
rCold   . . .        (no shield)
rNeg    + . .        c - +0 robe
rPois   inf          (no helmet)
rElec   +            (no cloak)
rCorr   .            (no gloves)
SInv    .            d - +2 pair of boots
Will    .....        (no amulet)
Stlth   +            (no ring)
HPRegen 0.23/turn    (no ring)
MPRegen 0.09/turn

%: no passive effects
@: no status effects
A: sickness immunity, AC +3, negative energy resistance 1, electricity
resistance, torment resistance 1, petrification resistance
a: no special abilities


You were on level 2 of the Dungeon.
You visited 1 branch of the dungeon, and saw 2 of its levels.

You collected 50 gold pieces.


Innate Abilities, Weirdness & Mutations

You are immune to sickness and miasma.
Your stone body is resilient. (AC +3)
You are immune to poison.
You resist negative energy. (rN+)
You are resistant to electric shocks. (rElec)
You are resistant to unholy torment.
You are immune to petrification.


   Skills:
 - Level 2.3 Fighting
 + Level 3.5 Ranged Weapons
 - Level 1.5 Dodging
 - Level 1.0 Spellcasting
 - Level 2.6 Hexes


You had 3 spell levels left.
You knew the following spells:

 Your Spells              Type           Power      Damage    Failure   Level
a - Slow                  Hex            20%        N/A       12%         1

Your spell library contained the following spells:

 Spells                   Type           Power      Damage    Failure   Level
 Inner Flame              Hex/Fire       3%         N/A       52%         3
 Portal Projectile        Hex/Tloc       6%         N/A       52%         3
 Cause Fear               Hex            2%         N/A       75%         4

Inventory:

Hand Weapons
 Y - a +1 sling (weapon)
Armour
 c - a +0 robe (worn)
 d - a +2 pair of boots (worn)

Dungeon Overview and Level Annotations

Branches:
Dungeon (2/15)

Altars:

Annotations:
D:2 Sigmund


Message History

A rat comes into view.
Sigmund barely misses you.
You feel less confused.
You shoot a sling bullet.
The sling bullet closely misses Sigmund.
Sigmund closely misses you.
The ball python bites you but does no damage.
The ball python closely misses you.
You shoot a sling bullet.
The sling bullet barely misses the ball python.
Sigmund hits you but does no damage. The ball python barely misses you. x2
You shoot a sling bullet.
The sling bullet closely misses the ball python.
The ball python bites you but does no damage.
The ball python completely misses you.
Sigmund hits you from afar with a +0 scythe!
The ball python closely misses you. The ball python grabs you.
The ball python constricts you.
You shoot a sling bullet.
The sling bullet barely misses the ball python.
The sling bullet closely misses the rat.
The ball python closely misses you. The ball python constricts you.
Sigmund casts a spell.
Sigmund flickers and vanishes!
Deactivating autopickup; reactivate with Ctrl-A.
You shoot a sling bullet.
The sling bullet closely misses the ball python.
The rat closely misses you. The ball python bites you.
The ball python constricts you. Something hits you.
The rat bites you but does no damage.
You shoot a sling bullet. The sling bullet hits the ball python.
You kill the ball python!
The rat bites you but does no damage. Something hits you.
You shoot a sling bullet. The sling bullet hits the rat.
You kill the rat!
A quokka comes into view.
You shoot a sling bullet. The sling bullet hits the quokka.
The quokka is severely wounded.
Something hits you!
You die...

###..# #....####
#.###.#.....#######
#.......###.#<....#
#######.###
#.##.#### ........#
#..<.#
#####.#.##########
#..#...........
#..@.##########
r.....%### ....##{
### #. #. #. #. #.


You could see a quokka.

Vanquished Creatures
  A gnoll (D:1)
  A dart slug (D:1)
  2 bats (D:1)
  An endoplasm (D:1)
  2 giant cockroaches (D:1)
  5 goblins (D:1)
  4 hobgoblins (D:1)
  8 jackals (D:1)
  2 quokkas (D:1)
  2 ball pythons
  3 frilled lizards (D:1)
  2 kobolds (D:1)
  9 rats
42 creatures vanquished.

Notes
Turn   | Place    | Note
-------+----------+-------------------------------------------
     0 | D:1      | qw the Gargoyle Hexslinger began the quest for the Orb.
     0 | D:1      | Reached XP level 1. HP: 12/12 MP: 2/2
     0 | D:1      | 0 ||| qw: Version: 0.3-a-52-g30416fa
     0 | D:1      | 0 ||| qw: Game counter: 6240
     0 | D:1      | 0 ||| qw: Melee chars always use a shield: true
     0 | D:1      | 0 ||| qw: God list: Okawaru
     0 | D:1      | 0 ||| qw: Allow faded altars: false
     0 | D:1      | 0 ||| qw: Do Orc after clearing Dungeon:15 true
     0 | D:1      | 0 ||| qw: Do second Lair branch before Depths: true
     0 | D:1      | 0 ||| qw: Lair rune preference: random
     0 | D:1      | 0 ||| qw: Goals: Normal
     0 | D:1      | 0 ||| PLANNING D:1-11
    13 | D:1      | HP: 3/12 [rat (1)]
   118 | D:1      | Reached XP level 2. HP: 16/16 MP: 3/3
   213 | D:1      | Reached skill level 3 in Ranged Weapons
   240 | D:1      | 240 ||| Stepping ~*~*~tactically~*~*~ (outnumbered).
   309 | D:1      | Reached XP level 3. HP: 11/22 MP: 4/4
   860 | D:1      | 860 ||| UPGRADING to +2 pair of boots.
   865 | D:1      | 865 ||| READING scroll labelled ZARROUCUDA.
   866 | D:1      | 866 ||| READING scroll labelled OZIXOELEQI.
   867 | D:1      | 867 ||| DRINKING 2 bubbling orange potions.
   868 | D:1      | 868 ||| DROPPING scroll of poison.
   869 | D:1      | 869 ||| DROPPING potion of degeneration.
   956 | D:2      | Noticed Sigmund
   972 | D:2      | Slain by Sigmund

Levels and vault maps discovered:
D:1:      dpeg_arrival_prison, layout_loops_ring, minmay_misc_feat_nine_boxes,
          serial_bayou_pond_b
D:2:      kennysheep_six_static_rooms, layout_basic, corexii_shack,
          minmay_fractal_squares_gapless_5, uniq_jessica, uniq_robin,
          uniq_sigmund

Skill      XL: |  1  2 |
---------------+-------+-----
Ranged Weapons | 3 |  3.5
Fighting       | 2 |  2.3
Dodging        | |  1.5
Spellcasting   | |  1.0
Hexes          | |  2.6

Action                     || total
---------------------------++-------
   Fire: Sling             ||   150
    Use: Scroll            ||     2
         Potion            ||     1
 Armour: Robe              ||    26
  Dodge: Dodged            ||    80

Table legend:
 A = Non-vault XP
 B = Vault XP
 C = Vault XP percentage of total XP
 D = Non-vault monster count
 E = Vault monster count
 F = Vault count percentage of total count
                 A         B        C        D         E       F
            +---------+---------+-------+---------+---------+-------
      Total |      74 |       5 |   6.3 |      38 |       4 |   9.5
            +---------+---------+-------+---------+---------+-------
        D:1 |      72 |       5 |   6.5 |      36 |       4 |  10.0
        D:2 |       2 |       0 |   0.0 |       2 |       0 |   0.0
            +---------+---------+-------+---------+---------+-------
